 Dungeon Crawl Stone Soup version 0.29-a0-416-g83a48905f1 (webtiles) character file.

Game seed: 284370846515676506

25 xian the Grasshopper (level 3, 0/32 HPs)
             Began as a Naga Warper on May 16, 2022.
             Was a Follower of Sif Muna.
             Slain by a kobold
             ... wielding a +0 whip
              (3 damage)
             ... on level 1 of the Dungeon.
             The game lasted 00:06:58 (1519 turns).

xian the Grasshopper (Naga Warper)                  Turns: 1519, Time: 00:06:59

Health: 0/32       AC:  2    Str: 21    XL:     3   Next: 4%
Magic:  6/6        EV: 13    Int: 13    God:    Sif Muna [*.....]
Gold:   34         SH:  0    Dex: 10    Spells: 4/6 levels left

rFire   + . .      SeeInvis +   a - +0 spear
rCold   + . .      Faith    .   (no shield)
rNeg    . . .      Spirit   .   b - +0 leather armour
rPois   +          Reflect  .   (no helmet)
rElec   +          Harm     .   (no cloak)
rCorr   +          Rampage  .   (no gloves)
Will    .....                   (no barding)
Stlth   +.........              g - amulet of magic regeneration
HPRegen 0.10/turn               f - +6 ring of strength
MPRegen 0.50/turn               j - +4 ring of evasion

@: short of breath, resistant, very slow
A: AC +1, large, see invisible, deformed body, poison resistance, slowness 2,
spit poison 1, naga tail 1
a: Spit Poison, Renounce Religion, Channel Magic


You were on level 1 of the Dungeon.
You worshipped Sif Muna.
Sif Muna was aware of your devotion.
You visited 1 branch of the dungeon, and saw 1 of its levels.

You collected 34 gold pieces.

Inventory:

Hand Weapons
 a - a +0 spear (weapon)
Missiles
 d - 6 boomerangs of dispersal
 e - 5 boomerangs
 l - 5 curare-tipped darts
Armour
 b - a +0 leather armour (worn)
Jewellery
 f - a +6 ring of strength (left hand)
 g - an amulet of magic regeneration (around neck)
 j - a +4 ring of evasion (right hand)
Scrolls
 c - 2 scrolls of blinking
Potions
 i - a potion of curing {unknown}
 k - a potion of heal wounds {unknown}


   Skills:
 + Level 2.2 Fighting
 + Level 2.4 Polearms
 + Level 1.0 Throwing
 + Level 1.0 Armour
 + Level 1.8 Dodging
 + Level 2.0 Spellcasting
 + Level 3.2 Translocations


You had 4 spell levels left.
You knew the following spells:

 Your Spells              Type           Power      Damage    Failure   Level
a - Blink                 Tloc           18%        N/A       12%         2

Your spell library contained the following spells:

 Spells                   Type           Power      Damage    Failure   Level
 Gell's Gravitas          Tloc           9%         N/A       22%         3
 Lesser Beckoning         Tloc           9%         N/A       22%         3
 Teleport Other           Tloc           9%         N/A       22%         3
 Manifold Assault         Tloc           9%         N/A       91%         5


Dungeon Overview and Level Annotations

Branches:
Dungeon (1/15)

Altars:
Sif Muna

Shops:
D:1 *


Innate Abilities, Weirdness & Mutations

Your serpentine skin is tough. (AC +1)
You have supernaturally acute eyesight. (SInv)
Armour fits poorly on your strangely shaped body.
Your system is resistant to poisons. (rPois)
You cover ground very slowly.
You can spit poison.
You have a snake-like lower body.


Message History

You can't do that yet.
You closely miss the kobold. The kobold closely misses you.
You hit the kobold but do no damage. The kobold barely misses you.
The kobold hits you with a +0 whip.
You completely miss the kobold.
You have got your breath back.
The kobold hits you with a +0 whip. The kobold closely misses you.
The kobold attacks as you move away! The kobold hits you with a +0 whip.
The kobold attacks as you move away! The kobold hits you but does no damage.
The kobold misses you. The kobold hits you with a +0 whip.
The kobold throws a stone.
The stone hits you. The kobold attacks as you move away!
The kobold hits you with a +0 whip.
* * * LOW HITPOINT WARNING * * *
The kobold closely misses you. The kobold barely misses you.
You are too injured to fight recklessly!
Aiming: Spit Poison (2% risk of failure)
Press: ? - help, Q - select action, (/) - cycle Shift-Dir - straight line, f - kobold
Aim: a kobold, wielding a +0 whip (50% to hit)
The splash of poison misses the kobold. x2
The kobold closely misses you.
It was a potion of resistance.
You feel protected. The kobold hits you with a +0 whip.
* * * LOW HITPOINT WARNING * * *
The kobold throws a stone.
The stone barely misses you.
The kobold throws a stone.
The stone hits you but does no damage.
You have got your breath back.
You are too injured to fight recklessly!
Aiming: Spit Poison (2% risk of failure)
Press: ? - help, Q - select action, (/) - cycle Shift-Dir - straight line, f/p - kobold
Aim: a kobold, wielding a +0 whip (50% to hit)
The splash of poison misses the kobold.
The splash of poison hits the kobold.
You kill the kobold!
Sif Muna accepts your kill.
You closely miss the kobold. The kobold hits you with a +0 whip.
* * * LOW HITPOINT WARNING * * *
You can't do that yet.
You closely miss the kobold. The kobold hits you with a +0 whip.
You die...

##.# #...# #.#.#
### ##.# .#.#
#...# #.#.# #.#
.#.####...# #.#.#
#.# .#.#......#
#.#.# #.#
.#.#......# #.#.#
#.# ...#...####
#.#.# #.# ####...#
#.#.# #.# ...#...#
#.#.# #.# .#.#...#
#@#.############.#
.#.#...#
#K#...†...........
.#.#...#
#.################
.#.#.### #)# .#...
##'#.#
#.###########.#.#
#...#
#.#......†......##
#####
#.............#.(.
###########..##.#.
##....?.


You could see a kobold.

Vanquished Creatures
  5 bats (D:1)
  2 endoplasms (D:1)
  3 giant cockroaches (D:1)
  A goblin (D:1)
  2 hobgoblins (D:1)
  2 quokkas (D:1)
  3 ball pythons (D:1)
  A kobold (D:1)
  4 rats (D:1)
23 creatures vanquished.

Vanquished Creatures (others)
  4 toadstools (D:1)
4 creatures vanquished.

Grand Total: 27 creatures vanquished

Notes
Turn   | Place    | Note
-------+----------+-------------------------------------------
     0 | D:1      | xian the Naga Warper began the quest for the Orb.
     0 | D:1      | Reached XP level 1. HP: 19/19 MP: 3/3
   417 | D:1      | Reached XP level 2. HP: 24/26 MP: 5/5
   562 | D:1      | Reached skill level 1 in Throwing
   748 | D:1      | Found a faded altar of an unknown god.
   762 | D:1      | Prayed at the altar of an unknown god.
   762 | D:1      | Became a worshipper of Sif Muna the Loreminder
   762 | D:1      | Reached * piety under Sif Muna
   825 | D:1      | Found Fuegh's General Store.
  1143 | D:1      | Learned a level 2 spell: Blink
  1363 | D:1      | Reached XP level 3. HP: 32/32 MP: 6/6
  1500 | D:1      | Reached skill level 1 in Armour
  1519 | D:1      | Slain by a kobold

Illustrated notes

Levels and vault maps discovered:
D:1:      ldierk_water_garden, layout_basic, serial_shops, nicolae_shop_crystal,
          shapermc_ecumenical_altar_venn, fountainhead, roderic_serpentine_path,
          corner_web_ring, minmay_misc_feat_nine_boxes, minmay_tromino_v4_c

Skill      XL: |  1  2  3 |
---------------+----------+-----
Throwing       | 1 |  1.0
Armour         | 1 |  1.0
Fighting       | |  2.2
Polearms       | |  2.4
Dodging        | |  1.8
Spellcasting   | |  2.0
Translocations | |  3.2

Action                   || total
-------------------------++-------
Melee: Spear             ||    42
Throw: Boomerang         ||     1
 Abil: Spit Poison       ||    22
  Use: Potion            ||     1
Armor: Leather armour    ||    12
Dodge: Dodged            ||    47

Table legend: (Time is in decaauts)
 A = Elapsed time spent in this place.
 B = Non-inter-level travel time spent in this place.
 C = Inter-level travel time spent in this place.
 D = Time resting spent in this place.
 E = Time spent auto-exploring this place.
 F = Levels seen in this place.
 G = Mean time per level.
                   A        B        C        D        E       F      G
               +--------+--------+--------+--------+--------+-----+--------+
         Total |   1822 |   1822 |      0 |    247 |   1291 |   1 | 1822.0 |
       Dungeon |   1822 |   1822 |      0 |    247 |   1291 |   1 | 1822.0 |
               +--------+--------+--------+--------+--------+-----+--------+

Top non-repeatable levels by time:
     D:1: 1822 daAuts
